 Dungeon Crawl Stone Soup version 0.28-a0-1404-g4df0f3684d (webtiles) character file.

Game seed: 8539712459415622388

46205 tilp the Fighter (level 14, -4/69 HPs)
             Began as a Felid Ice Elementalist on Jan 5, 2022.
             Was a High Priest of Vehumet.
             Slain by a torpor snail (24 damage)
             ... on level 4 of the Lair of Beasts.
             The game lasted 01:14:01 (41216 turns).

tilp the Fighter (Felid Ice Elementalist)          Turns: 41216, Time: 01:14:01

Health: -4/69      AC:  3    Str:  4      XL:     14   Next: 4%
Magic:  26/39      EV: 22    Int: 21 (24) God:    Vehumet [*****.]
Gold:   2650       SH:  0    Dex: 17      Spells: 8/35 levels left
                                        Lives:  0   Deaths: 2

rFire   + . .      SeeInvis +     - Unarmed
rCold   + . .      Faith    .   (shield unavailable)
rNeg    . . .      Spirit   .   (armour unavailable)
rPois   .          Reflect  .   (helmet unavailable)
rElec   .          Harm     .   (cloak unavailable)
rCorr   .          Rampage  .   (gloves unavailable)
Will    ++...                   (boots unavailable)
Stlth   +++++.....              a - amulet of regeneration
HPRegen 1.01/turn               x - ring of magical power
MPRegen 0.26/turn               q - ring of protection from fire

@: slowed, slow
A: very small, claws 1, fangs 3, see invisible, speed 1, shaggy fur 3, stealthy
paws, no weapons or thrown items, no armour, multi-lived
a: Renounce Religion


You were on level 4 of the Lair of Beasts.
You worshipped Vehumet.
Vehumet was extremely pleased with you.
You visited 4 branches of the dungeon, and saw 24 of its levels.
You also visited: Bailey.

You collected 2680 gold pieces.
You spent 30 gold pieces at shops.

Inventory:

Jewellery
 a - an amulet of regeneration (around neck)
 l - a ring of resist corrosion
 o - a +6 ring of strength
 q - a ring of protection from fire (right paw)
 r - an amulet of faith
 x - a ring of magical power (left paw)
 D - a ring of flight
 F - a ring of magical power
 G - a ring of protection from fire
 H - a +6 ring of intelligence
 I - a ring of positive energy
 K - the ring "Soloh" {rElec MP+9 Int-3 Dex+10}
   (You found it on level 14 of the Dungeon)

   [ring of magical power]

   Int:       It affects your intelligence (-3).
   Dex:       It affects your dexterity (+10).
   rElec:     It insulates you from electricity.
   MP:        It affects your magic capacity (+9).
 L - a +4 ring of evasion
 M - a ring of protection from fire
Wands
 m - a wand of acid (16)
 p - a wand of flame (34)
 u - a wand of polymorph (15)
 w - a wand of iceblast (20)
 A - a wand of charming (18)
 E - a wand of paralysis (6)
Scrolls
 i - 12 scrolls of teleportation
 j - 2 scrolls of silence
 s - 2 scrolls of vulnerability
 t - 6 scrolls of identify
 y - a scroll of blinking
 z - a scroll of fog
 C - a scroll of holy word
 N - a scroll of magic mapping
Potions
 b - 5 potions of invisibility
 c - 3 potions of heal wounds
 d - 5 potions of lignification
 e - 3 potions of attraction
 f - 3 potions of ambrosia
 g - 7 potions of mutation
 h - 6 potions of curing
 k - 2 potions of flight
 n - 4 potions of cancellation
 v - a potion of berserk rage
 B - 4 potions of haste
 J - a potion of magic


   Skills:
 - Level 12.0 Fighting
 - Level 8.0 Dodging
 - Level 10.0 Stealth
 - Level 10.0 Unarmed Combat
 - Level 11.0 Spellcasting
 * Level 9.7 Conjurations
 * Level 11.3 Ice Magic
 + Level 5.2 Air Magic
 + Level 6.2 Earth Magic
 - Level 2.0 Poison Magic
 - Level 8.0 Evocations


You had 8 spell levels left.
You knew the following spells:

 Your Spells              Type           Power      Damage    Failure   Level
a - Freezing Cloud        Conj/Ice/Air   24%        6-21      1%          5
b - Frozen Ramparts       Ice            100%       1d12      1%          3
c - Ozocubu's Armour      Ice            56%        N/A       1%          3
d - Hailstorm             Conj/Ice       54%        3d12      1%          4
e - Stone Arrow           Conj/Erth      90%        3d12      1%          3
f - Magic Dart            Conj           100%       1d8       1%          1
g - Mephitic Cloud        Conj/Pois/Air  35%        N/A       1%          3
h - Lee's Rapid Deconstr  Erth           18%        3d12*     3%          5

Your spell library contained the following spells:

 Spells                   Type           Power      Damage    Failure   Level
 Spellforged Servitor     Conj/Summ      15%        N/A       82%         7
 Foxfire                  Conj/Fire      100%       2x1d9     1%          1
 Freeze                   Ice            100%       1d11      1%          1
 Sandblast                Erth           74%        2d16      1%          1
 Searing Ray              Conj           100%       2d8       1%          2
 Conjure Flame            Conj/Fire      31%        6-21      1%          3
 Passwall                 Tmut/Erth      20%        N/A       2%          2
 Flame Wave               Conj/Fire      31%        2d7       2%          4
 Fulminant Prism          Conj/Hex       15%        3d11      2%          4
 Sticky Flame             Conj/Fire      31%        2d5       2%          4
 Ignite Poison            Fire/Tmut/Pois 14%        N/A       4%          3
 Inner Flame              Hex/Fire       11%        N/A       4%          3
 Summon Ice Beast         Ice/Summ       35%        N/A       5%          4
 Animate Skeleton         Necr           22%        N/A       6%          1
 Beastly Appendage        Tmut           22%        N/A       6%          1
 Pain                     Necr           44%        1d6       6%          1
 Summon Small Mammal      Summ           44%        N/A       6%          1
 Blink                    Tloc           22%        N/A       9%          2
 Call Imp                 Summ           11%        N/A       9%          2
 Wereblood                Tmut           11%        N/A       9%          2
 Spider Form              Tmut/Pois      15%        N/A       12%         3
 Leda's Liquefaction      Hex/Erth       12%        N/A       16%         4
 Call Canine Familiar     Summ           11%        N/A       17%         3
 Summon Guardian Golem    Hex/Summ       11%        N/A       17%         3
 Tukima's Dance           Hex            11%        N/A       17%         3
 Vampiric Draining        Necr           11%        2d6       17%         3
 Yara's Violent Unravell  Hex/Tmut       5%         3d4       36%         5
 Passage of Golubria      Tloc           11%        N/A       50%         4
 Eringya's Noxious Bog    Tmut/Pois      7%         N/A       78%         6
 Manifold Assault         Tloc           11%        N/A       85%         5
 Summon Forest            Summ/Tloc      5%         N/A       85%         5
 Summon Mana Viper        Hex/Summ       11%        N/A       85%         5
 Summon Cactus Giant      Summ           5%         N/A       100%        6
 Monstrous Menagerie      Summ           5%         N/A       100%        7
 Storm Form               Tmut/Air       11%        N/A       100%        7
 Summon Hydra             Summ           5%         N/A       100%        7
 Polar Vortex             Ice            28%        N/A       100%        9
 Portal Projectile        Hex/Tloc       Unusable   N/A       N/A         3

Dungeon Overview and Level Annotations

Branches:
Dungeon (15/15)            Temple (1/1) D:7            Lair (6/6) D:10
 Shoals (0/4) Lair:2       Spider (0/4) Lair:4        Slime (0/5) Lair:6
    Orc (2/2) D:9             Elf (0/3) Orc:2        Vaults (0/5) D:14
 Depths (0/4) D:15         Bailey (visited)

Altars:
Ashenzari
Cheibriados
Dithmenos
Elyvilon
Fedhas
Gozag
Hepliaklqana
Kikubaaqudgha
Makhleb
Nemelex Xobeh
Okawaru
Qazlal
Ru
Sif Muna
Trog
Uskayaw
Vehumet
Wu Jian
Xom
Yredelemnul
Zin
The Shining One
Beogh
Jiyva

Shops:
D:2 *   D:5 :   Orc:2 :?*?

Annotations:
D:11 dig vault
D:13 2 runed translucent doors, exclusion: orange crystal statue


Innate Abilities, Weirdness & Mutations

You have sharp claws.
You have razor-sharp teeth.
You have supernaturally acute eyesight. (SInv)
You cover ground quickly. (Speed+)
Your thick and shaggy fur keeps you warm. (AC +3, rC+)
Your paws help you pounce on unaware monsters.
You are incapable of wielding weapons or throwing items.
You cannot wear armour.
You gain extra lives every three experience levels.


Message History

Aim: a torpor snail (asleep)
The six-headed hydra roars!
The six-headed hydra is engulfed in freezing vapours.
The torpor snail is engulfed in freezing vapours.
The six-headed hydra is engulfed in freezing vapours.
Casting: Freezing Cloud (dangerous; 1% risk of failure)
Confirm with . or Enter, or press ? or * to list all spells.
Aiming: Stone Arrow (safe; 1% risk of failure)
Press: ? - help, Shift-Dir - straight line, f/p - torpor snail
Aim: a torpor snail (freezing vapour, moderately wounded, 100% to hit)
The stone arrow hits the torpor snail!
The torpor snail is moderately wounded.
The six-headed hydra is engulfed in freezing vapours.
The six-headed hydra seems to slow down.
The torpor snail is engulfed in freezing vapours.
Casting: Stone Arrow (safe; 1% risk of failure)
Confirm with . or Enter, or press ? or * to list all spells.
Aiming: Stone Arrow (safe; 1% risk of failure)
Press: ? - help, Shift-Dir - straight line, f/p - torpor snail
Aim: a torpor snail (heavily wounded, 100% to hit)
The stone arrow hits the torpor snail!
The torpor snail is severely wounded.
The six-headed hydra misses you.
The six-headed hydra closely misses you.
The six-headed hydra completely misses you.
The six-headed hydra bites you. The six-headed hydra bites you!
The six-headed hydra bites you. The torpor snail closely misses you.
Casting: Stone Arrow (safe; 1% risk of failure)
Confirm with . or Enter, or press ? or * to list all spells.
Aiming: Stone Arrow (safe; 1% risk of failure)
Press: ? - help, Shift-Dir - straight line, f/p - torpor snail
Aim: a torpor snail (severely wounded, 100% to hit)
The stone arrow hits the torpor snail!
The torpor snail is almost dead.
The six-headed hydra bites you! x2
The six-headed hydra completely misses you.
The six-headed hydra barely misses you. The six-headed hydra bites you! x2
* * * LOW HITPOINT WARNING * * *
The torpor snail bites you!!
You die...

...P......##....##...#...........
...##÷.......#.####.........#....
....÷.........## .##.P.....#.....
....#P.#.##..##. ..#.#.....###.#.
...###..#.#..##§#§$##............
..............#§§§####...........
..............#§§§$#.............
#.##P####..#.###Dw###..#..P#.####
###### ###### #@##....#######
##...##.# ###.P### ####


You could see a six-headed hydra (slow) and a torpor snail.

Vanquished Creatures
  Jorgrun (Orc:2)
  An ettin (D:15)
  Snorg (D:12)
  7 hydras
  3 catoblepae
  A boulder beetle (D:13)
  6 centaur warriors
  3 two-headed ogres (D:9)
  8 death yaks (Lair:6)
  5 tengu warriors
  An orc high priest (Orc:1)
  The ghost of ThreePoint314 the Cleaver, a novice HOFi of Zin (D:8)
  A deep troll (D:15)
  A glowing orange brain (D:15)
  3 orc knights
  2 lindwurms (Lair:6)
  5 deep elf pyromancers
  3 necromancers
  An orc sorcerer (Orc:1)
  5 manticores
  4 wolf spiders
  9 ugly things
  4 cyclopes
  8 elephants (Lair:6)
  11 black mambas
  2 guardian serpents
  16 cane toads
  A gargoyle (D:13)
  3 unseen horrors
  2 torpor snails (Lair:6)
  8 rime drakes
  7 komodo dragons
  A yaktaur (shapeshifter) (D:15)
  A freezing wraith (D:14)
  A kobold demonologist (D:13)
  A tengu conjurer (D:9)
  4 hornets
  9 trolls
  Grinder (D:5)
  5 slime creatures
  10 blink frogs
  14 dream sheep
  2 shadows
  A vampire (D:12)
  3 wraiths
  47 yaks
  12 wyverns
  6 basilisks
  4 steam dragons
  A neqoxec (D:8)
  5 redbacks
  6 vampire mosquitoes (D:14)
  5 wargs
  3 acid dragons
  34 water moccasins
  Duvessa (D:7)
  44 orc warriors
  An ice beast (D:7)
  A swamp drake (Orc:2)
  A necrophage (D:5)
  A black bear (Lair:2)
  6 ogres
  11 wolves
  34 centaurs
  13 bullfrogs
  A kobold brigand (D:6)
  5 scorpions
  Dowan (D:7)
  6 killer bees (D:8)
  3 electric eels
  3 centaur zombies
  A bullfrog zombie (D:5)
  A crimson imp (Orc:2)
  A hound (shapeshifter) (D:8)
  A gnoll shaman (D:5)
  2 hounds
  A centaur skeleton (D:5)
  15 orc priests
  An iron imp (Orc:2)
  24 orc wizards
  6 iguanas
  2 killer bee zombies
  A hound skeleton (D:5)
  A howler monkey zombie (D:8)
  7 gnolls
  10 adders
  A river rat (shapeshifter) (D:8)
  2 shadow imps
  2 white imps
  An adder skeleton (D:4)
  5 worms
  3 dart slugs
  123 orcs
  2 ball pythons
  3 endoplasms
  2 giant cockroaches
  10 goblins
  7 hobgoblins
  A bat (shapeshifter) (D:8)
  3 bats
  9 frilled lizards
  12 kobolds
  2 rats
704 creatures vanquished.

Vanquished Creatures (others)
  51 fungi
  79 plants
130 creatures vanquished.

Grand Total: 834 creatures vanquished

Notes
Turn   | Place    | Note
-------+----------+-------------------------------------------
     0 | D:1      | tilp the Felid Ice Elementalist began the quest for the
                  | Orb.
     0 | D:1      | Reached XP level 1. HP: 7/7 MP: 4/4
   305 | D:1      | Reached XP level 2. HP: 7/11 MP: 1/6
   988 | D:2      | Reached XP level 3. HP: 4/14 MP: 0/7
  1027 | D:2      | Learned a level 3 spell: Frozen Ramparts
  1482 | D:2      | Found Vidaim's General Store.
  1490 | D:2      | Bought a potion of curing for 30 gold pieces
  1933 | D:3      | Found a faded altar of an unknown god.
  1944 | D:3      | Reached XP level 4. HP: 18/18 MP: 9/9
  2481 | D:3      | Noticed a water moccasin
  2849 | D:4      | Reached skill level 5 in Ice Magic
  2851 | D:4      | Reached XP level 5. HP: 17/21 MP: 4/10
  2862 | D:4      | Learned a level 3 spell: Ozocubu's Armour
  3241 | D:4      | Gained mutation: You are covered in thick fur. (AC +2)
                  | [Felid growth]
  3241 | D:4      | Reached XP level 6. HP: 17/25 MP: 3/11
  3418 | D:4      | Reached skill level 1 in Fighting
  3418 | D:4      | Reached skill level 1 in Unarmed Combat
  3605 | D:4      | Found the +8 demon trident "Rift" {distort, reach+}
  3948 | D:5      | Entered Level 5 of the Dungeon
  3998 | D:5      | Reached skill level 2 in Fighting
  4151 | D:5      | Noticed Grinder
  4170 | D:5      | Found a snail-covered altar of Cheibriados.
  4202 | D:5      | Reached XP level 7. HP: 30/30 MP: 7/12
  4380 | D:5      | Found the +4 robe of Augmentation {Str+4 Int+4 Dex+4}
  4636 | D:5      | Found Xolai's Book Boutique.
  4875 | D:5      | Reached skill level 3 in Fighting
  5091 | D:5      | Reached skill level 4 in Fighting
  5096 | D:5      | Learned a level 4 spell: Hailstorm
  5562 | D:3      | Reached skill level 1 in Conjurations
  5562 | D:3      | Reached XP level 8. HP: 33/36 MP: 9/14
  5806 | D:6      | Found a white marble altar of Elyvilon.
  6035 | D:6      | Found a glowing golden altar of the Shining One.
  6035 | D:6      | Found a shimmering blue altar of Sif Muna.
  6541 | D:6      | Learned a level 3 spell: Stone Arrow
  6632 | D:7      | Reached skill level 1 in Earth Magic
  6752 | D:7      | Noticed Dowan
  6970 | D:7      | Found a staircase to the Ecumenical Temple.
  6984 | Temple   | Entered the Ecumenical Temple
  7197 | Temple   | Became a worshipper of Vehumet
  7392 | D:7      | Noticed a hornet
  7400 | D:7      | Killed a hornet
  7401 | D:7      | Reached XP level 9. HP: 28/39 MP: 7/17
  7507 | D:7      | Noticed Duvessa
  7580 | D:8      | Reached skill level 5 in Spellcasting
  8433 | D:8      | Found a runed translucent gate.
  8433 | D:8      | Found a runed translucent gate.
  8433 | D:8      | Found a runed translucent gate.
  8435 | D:8      | Noticed a cyan ugly thing
  8436 | D:8      | Noticed a cyan ugly thing
  8438 | D:8      | Noticed a red ugly thing
  8701 | D:8      | Found a broken altar of Ashenzari.
  9169 | D:8      | Noticed a purple ugly thing
  9170 | D:8      | Noticed a red ugly thing
  9327 | D:9      | Noticed a two-headed ogre
  9335 | D:9      | Killed a two-headed ogre
  9336 | D:9      | Reached skill level 5 in Stealth
  9409 | D:9      | Found a flagged portal.
  9471 | Bailey   | Entered a bailey
  9478 | Bailey   | Reached * piety under Vehumet
  9478 | Bailey   | Offered knowledge of Magic Dart by Vehumet.
  9668 | Bailey   | Learned a level 1 spell: Magic Dart
  9990 | Bailey   | Reached skill level 5 in Dodging
 10430 | Bailey   | Reached XP level 10. HP: 43/43 MP: 5/18
 10946 | Bailey   | Reached skill level 5 in Fighting
 10946 | Bailey   | Reached skill level 5 in Unarmed Combat
 12170 | D:9      | Found a burning altar of Makhleb.
 12170 | D:9      | Noticed a balrug
 12173 | D:9      | Noticed a smoke demon
 12875 | D:9      | Reached ** piety under Vehumet
 13035 | D:9      | Noticed a two-headed ogre
 13056 | D:9      | Killed a two-headed ogre
 13056 | D:9      | Offered knowledge of Scorch by Vehumet.
 13057 | D:9      | Reached skill level 6 in Fighting
 13516 | D:9      | Noticed a two-headed ogre
 13525 | D:9      | Killed a two-headed ogre
 13714 | D:9      | Noticed a tengu warrior
 13730 | D:9      | Killed a tengu warrior
 13731 | D:9      | Reached skill level 5 in Conjurations
 13731 | D:9      | Reached XP level 11. HP: 34/49 MP: 0/19
 14193 | D:9      | Found a staircase to the Orcish Mines.
 14452 | D:10     | Entered Level 10 of the Dungeon
 14510 | D:10     | Found a staircase to the Lair.
 15021 | D:10     | Reached skill level 7 in Fighting
 15983 | D:10     | Offered knowledge of Mephitic Cloud by Vehumet.
 16083 | D:10     | Reached *** piety under Vehumet
 16342 | D:10     | HP: 2/50 [ogre (28)]
 16500 | D:10     | Learned a level 3 spell: Mephitic Cloud
 16947 | D:11     | Reached skill level 1 in Air Magic
 16947 | D:11     | Reached skill level 1 in Poison Magic
 17092 | D:11     | Offered knowledge of Ignite Poison by Vehumet.
 17422 | D:11     | Noticed a seven-headed hydra
 17856 | D:11     | Killed a seven-headed hydra
 17857 | D:11     | Reached skill level 8 in Fighting
 17978 | D:12     | Noticed Snorg
 18330 | D:5      | Killed Grinder
 18438 | D:7      | Killed Duvessa
 18440 | D:7      | Killed Dowan
 18622 | Lair:1   | Entered Level 1 of the Lair of Beasts
 19020 | Lair:1   | Gained mutation: Your thick and shaggy fur keeps you warm.
                  | (AC +3, rC+) [Felid growth]
 19020 | Lair:1   | Reached XP level 12. HP: 55/55 MP: 16/21
 19130 | Lair:1   | Reached skill level 10 in Ice Magic
 19743 | Lair:1   | Learned a level 3 spell: Ignite Poison
 19895 | Lair:2   | Reached **** piety under Vehumet
 20248 | Lair:2   | Found a staircase to the Shoals.
 20555 | Lair:2   | Noticed a six-headed hydra
 20565 | Lair:2   | Killed a six-headed hydra
 21375 | Lair:3   | Offered knowledge of Olgreb's Toxic Radiance by Vehumet.
 21549 | Lair:3   | Noticed a catoblepas
 21565 | Lair:3   | Killed a catoblepas
 23016 | Lair:4   | Found a hole to the Spider Nest.
 23020 | Lair:4   | Reached skill level 5 in Evocations
 23746 | Lair:4   | Identified the +7 chain mail of Waufyuda {Fly rPois rN+
                  | Str+3}
 24038 | Lair:4   | Found a runed translucent door.
 24095 | Lair:4   | Reached ***** piety under Vehumet
 24095 | Lair:4   | Offered knowledge of Lee's Rapid Deconstruction by Vehumet.
 24102 | Lair:4   | Learned a level 5 spell: Lee's Rapid Deconstruction
 24123 | Lair:4   | Reached XP level 13. HP: 60/60 MP: 24/24
 24127 | Lair:4   | Reached skill level 9 in Fighting
 24376 | Lair:5   | Reached skill level 10 in Stealth
 25620 | Lair:6   | Entered Level 6 of the Lair of Beasts
 25750 | Lair:6   | Reached skill level 10 in Fighting
 26832 | Lair:6   | Offered knowledge of Iskenderun's Mystic Blast by Vehumet.
 26921 | Lair:6   | Reached skill level 11 in Fighting
 27076 | Lair:6   | Paralysed by a hornet for 2 turns
 27349 | Lair:6   | Reached skill level 10 in Unarmed Combat
 27427 | Lair:6   | Reached XP level 14. HP: 66/67 MP: 4/25
 27699 | Lair:6   | Got the Collected Works on the Frostbite and Summoning
 27724 | Lair:6   | Identified the +1 leather armour of Innoirche {rN+ Str-3
                  | Int+5 Dex+4}
 28037 | Lair:6   | Found a viscous altar of Jiyva.
 28037 | Lair:6   | Found a staircase to the Slime Pits.
 28091 | Lair:6   | Reached skill level 12 in Fighting
 29937 | Lair:6   | Reached skill level 5 in Earth Magic
 30430 | Lair:6   | Learned a level 5 spell: Freezing Cloud
 30632 | Orc:1    | Entered Level 1 of the Orcish Mines
 31119 | Orc:2    | Entered Level 2 of the Orcish Mines
 31127 | Orc:2    | Offered knowledge of Ozocubu's Refrigeration by Vehumet.
 31427 | Orc:2    | Identified the +0 hat of Dunlerop {Harm rElec Str+3 Int+3}
 32016 | Orc:2    | Found a staircase to the Elven Halls.
 33678 | Orc:2    | Found Liamacaf's General Store.
 33678 | Orc:2    | Found Yntyloit's Magic Scroll Boutique.
 33680 | Orc:2    | Found Jahopn's Book Shop.
 33682 | Orc:2    | Found Teast's Magic Scroll Shoppe.
 33726 | Orc:2    | Noticed Jorgrun
 33734 | Orc:2    | Killed Jorgrun
 35528 | D:12     | Killed Snorg
 36131 | D:13     | Reached XP level 15. HP: 72/72 MP: 26/29
 36724 | D:13     | Found a runed translucent door.
 36729 | D:13     | Found the +10 tower shield of Ignorance {rN+ Int-4}
 36746 | D:13     | Found a runed translucent door.
 37232 | D:14     | Shot with an arrow by a centaur warrior
 37233 | D:14     | Reached XP level 14. HP: -3/69 MP: 33/37
 37408 | D:14     | Offered knowledge of Spellforged Servitor by Vehumet.
 37413 | D:14     | Reached skill level 10 in Spellcasting
 37421 | D:14     | You fall into a shaft and drop 1 floor!
 37421 | D:15     | Entered Level 15 of the Dungeon
 37548 | D:15     | Demolished by an ettin
 37549 | D:15     | Reached XP level 13. HP: -15/64 MP: 2/37
 37569 | D:15     | Killed an ettin
 38290 | D:14     | Identified the ring "Soloh" {rElec MP+9 Int-3 Dex+10}
 38452 | D:14     | Found a gate to the Vaults.
 39672 | D:15     | Reached skill level 5 in Air Magic
 40067 | D:15     | Identified the +4 chain mail of the Equinox {Rampage Fly
                  | MP+9}
 40233 | D:15     | Found a staircase to the Depths.
 40682 | D:8      | Reached XP level 14. HP: 63/69 MP: 24/30
 40757 | D:8      | Found a runed translucent gate.
 40757 | D:8      | Found a runed translucent gate.
 40762 | D:8      | Found a runed translucent gate.
 40765 | D:8      | Noticed ThreePoint314's ghost (novice HOFi)
 40777 | D:8      | Killed ThreePoint314's ghost
 41216 | Lair:4   | Slain by a torpor snail

Illustrated notes

Levels and vault maps discovered:
D:1:      eino_arrival_cavern_a, layout_loops_cross
D:2:      minmay_wonky_spiral, layout_basic, serial_shops, shop,
          ebering_dispersal_statue_hall
D:3:      layout_basic, hellmonk_ecumenical_altar_lost_god, grunt_ministairs_11,
          eino_tiny_chamber
D:4:      layout_loops_ring
D:5:      layout_basic, mainiacjoe_overflow_chevrons, serial_shops,
          nicolae_shop_behind_doors, uniq_grinder
D:6:      layout_rooms, elyvilon_altar_3, gammafunk_temple_overflow_elements
D:7:      layout_cave_pools, minmay_temple_entry_glass,
          hangedman_abyss_or_decor_passed, kennysheep_nub,
          kennysheep_crisscross, uniq_duvessa
D:8:      layout_layer_cave, nicolae_ashenzari_panopticon,
          ploomutoo_gammafunk_ghost_potion_laboratory
D:9:      layout_long_grid, makhleb_altar_promises_db, erik_orc_2,
          enter_bailey_5
D:10:     minmay_inner_zag, layout_basic, erik_lair_orcish_takeover,
          special_room [special_room_orc]
D:11:     layout_rooms, chequers_serial_rivers_large_a, minivault_21,
          minmay_lizard_king
D:12:     layout_rooms, hangedman_decor_lopped, uniq_snorg
D:13:     layout_long_grid, chequers_guarded_unrand_ignorance
D:14:     layout_loops_cross, david_vaults_1, roderic_serpentine_path,
          fake_guardian_serpent_vault
D:15:     hangedman_depths_entry_civil_slaughter, layout_stronghold
Temple:   regret_index_temple_sphere_string
Lair:1:   statuecave_lemuel, layout_cave_pods, chequers_serial_rivers_small_a
Lair:2:   layout_layer_cave, elwin_shoals_entry_rocks, nicolae_lair_lil_pond,
          chequers_serial_rivers_micro_e, st_stairs_8
Lair:3:   layout_layer_cave
Lair:4:   layout_regular_city, spider_nest_entry_webs,
          nicolae_quartered_pool_impasse, pf_torpor_hydra, lemuel_fruit_tree
Lair:5:   beast_lair_carwin_large_1, layout_loops_ring,
          eino_small_chamber_without_monster
Lair:6:   hangedman_lair_in_review, layout_regular_city,
          hangedman_lair_tendril_chambers, dpeg_slime_entry_enclosed_altar
Orc:1:    layout_diamond_mine, basic_altar
Orc:2:    st_orc_rangers, layout_diamond_mine, hangedman_minor_magic,
          uniq_jorgrun

Skill      XL: |  1  2  3  4  5  6  7  8  9 10 11 12 13 14 |
---------------+-------------------------------------------+-----
Ice Magic      | 4 5 6 7 8 9 10 11 | 11.3
Spellcasting   | 3 4 5 7 11 10 | 11.0
Stealth        | 3 4 5 8 9 10 | 10.0
Fighting       | 2 4 6 8 11 12 | 12.0
Dodging        | 3 4 5 6 7 8 |  8.0
Unarmed Combat | 2 4 6 7 10 | 10.0
Conjurations   | 1 3 4 5 7 8 9 |  9.7
Earth Magic    | 2 4 6 5 |  6.2
Evocations     | 2 4 5 8 |  8.0
Air Magic      | 2 5 4 |  5.2
Poison Magic   | 2 |  2.0

Action                   |  1- 3 |  4- 6 |  7- 9 | 10-12 | 13-15 || total
-------------------------+-------+-------+-------+-------+-------++-------
Melee: Unarmed           |    20 |    27 |   102 |   113 |   120 ||   382
       Bite              |     3 |     2 |    13 |    15 |    20 ||    53
       Punch             |     1 |       |     3 |     4 |    10 ||    18
 Cast: Freeze            |    34 |    27 |    59 |    18 |     1 ||   139
       Frozen Ramparts   |     3 |    12 |    30 |    55 |    71 ||   171
       Ozocubu's Armour  |       |     6 |    24 |    49 |    70 ||   149
       Hailstorm         |       |       |     3 |    18 |    36 ||    57
       Stone Arrow       |       |       |    31 |   301 |   529 ||   861
       Magic Dart        |       |       |     2 |    10 |    15 ||    27
       Freezing Cloud    |       |       |       |       |    42 ||    42
       Mephitic Cloud    |       |       |       |       |     1 ||     1
       Lee's Rapid Decon |       |       |       |       |     6 ||     6
Evoke: Wand              |       |       |     2 |     4 |     2 ||     8
  Use: Scroll            |     5 |     6 |     4 |    10 |     3 ||    28
       Potion            |       |       |     1 |       |     3 ||     4
 Stab: Sleeping          |     9 |     5 |     3 |     6 |    10 ||    33
       Petrified         |       |       |       |       |     2 ||     2
Armor: Skin              |     1 |     9 |    26 |    33 |    29 ||    98
Dodge: Dodged            |    23 |    42 |   139 |   231 |   334 ||   769

Table legend: (Time is in decaauts)
 A = Elapsed time spent in this place.
 B = Non-inter-level travel time spent in this place.
 C = Inter-level travel time spent in this place.
 D = Time resting spent in this place.
 E = Time spent auto-exploring this place.
 F = Levels seen in this place.
 G = Mean time per level.
                   A        B        C        D        E       F      G
               +--------+--------+--------+--------+--------+-----+--------+
         Total |  37319 |  35540 |   1779 |  10643 |  19650 |  25 | 1492.8 |
       Dungeon |  20651 |  19460 |   1191 |   5389 |  11549 |  15 | 1376.7 |
        Temple |    198 |    133 |     65 |      0 |    120 |   1 |  198.0 |
          Lair |  10868 |  10516 |    352 |   2485 |   6682 |   6 | 1811.3 |
  Orcish Mines |   3266 |   3097 |    169 |   1381 |    958 |   2 | 1633.0 |
        Bailey |   2336 |   2336 |      0 |   1386 |    340 |   1 | 2336.0 |
               +--------+--------+--------+--------+--------+-----+--------+

Top non-repeatable levels by time:
  Lair:6: 4531 daAuts
     D:9: 3076 daAuts
   Orc:2: 2511 daAuts
  Bailey: 2336 daAuts
    D:10: 1959 daAuts
     D:8: 1910 daAuts
    D:15: 1616 daAuts
  Lair:3: 1521 daAuts
     D:5: 1502 daAuts
    D:12: 1394 daAuts
    D:13: 1376 daAuts
    D:14: 1363 daAuts
  Lair:2: 1307 daAuts
    D:11: 1254 daAuts
  Lair:4: 1249 daAuts
